 Dungeon Crawl Stone Soup version 0.30.1-6-gbe392663c4 (webtiles) character file.

Game seed: 7448701589846397668

57 Kurtz the Chopper (level 4, 28/28 HPs)
             Began as a Tengu Fighter on Sept 20, 2023.
             Quit the game on level 2 of the Dungeon.
             The game lasted 00:00:36 (1342 turns).

Kurtz the Chopper (Tengu Fighter)                   Turns: 1342, Time: 00:00:37

Health: 28/28      AC:  6    Str: 18    XL:     4   Next: 0%
Magic:  5/5        EV:  9    Int:  9    God:
Gold:   51         SH:  4    Dex: 13    Spells: 3/3 levels left

rFire   . . .        a - +0 war axe
rCold   . . .        c - +0 buckler
rNeg    . . .        b - +0 scale mail
rPois   .            (helmet restricted)
rElec   .            (no cloak)
rCorr   .            (no gloves)
SInv    .            (boots unavailable)
Will    .....        (no amulet) Stlth
                     (no ring)
HPRegen 0.24/turn    (no ring)
MPRegen 0.09/turn

%: no passive effects
@: no status effects
A: beak, talons 3
a: no special abilities


You were on level 2 of the Dungeon.
You visited 1 branch of the dungeon, and saw 2 of its levels.

You collected 51 gold pieces.

Inventory:

Hand Weapons
 a - a +0 war axe (weapon)
Armour
 b - a +0 scale mail (worn)
 c - a +0 buckler (worn)
Scrolls
 e - 3 scrolls of identify {unknown}
 g - a scroll of poison {unknown}
Potions
 d - a potion of might
 f - a potion of curing {unknown}
 h - 2 potions of brilliance {unknown}
 i - a potion of mutation {unknown}


   Skills:
 - Level 3.0 Fighting
 * Level 4.5 Axes
 - Level 3.2 Armour
 - Level 3.0 Shields


You had 3 spell levels left.
You didn't know any spells.
Your spell library contained the following spells:

 Spells                   Type           Power      Damage    Failure   Level
 Ensorcelled Hibernation  Hex/Ice        0%         N/A       94%         2
 Passwall                 Tmut/Erth      0%         N/A       94%         2
 Swiftness                Air            0%         N/A       99%         3


Dungeon Overview and Level Annotations

Branches:
Dungeon (2/15)

Altars:


Innate Abilities, Weirdness & Mutations

You have a beak for a mouth.
You have claws for feet.


Message History

You kill the hobgoblin!
HP restored.
A frilled lizard comes into view.
A frilled lizard is nearby!
The frilled lizard misses you.
A frilled lizard is nearby!
You barely miss the frilled lizard.
The frilled lizard bites you but does no damage.
The frilled lizard closely misses you.
A frilled lizard is nearby!
You completely miss the frilled lizard.
The frilled lizard bites you but does no damage.
A frilled lizard is nearby!
You barely miss the frilled lizard. Your kick misses the frilled lizard.
The frilled lizard barely misses you.
A frilled lizard is nearby!
You hit the frilled lizard.
You kill the frilled lizard!
You have reached level 4!
You feel clever.
You see here a frilled lizard corpse.
Found a stone staircase leading down.
No target in view!
No target in view!
You now have 51 gold pieces (gained 13).
Found 5 stones.
No target in view!
Found a whip.
No target in view!
Unknown command.
You open the door.
There is an open door here.
As you open the door, it creaks loudly!
No target in view!
You open the door.
There is an open door here.
Key pressed, stopping explore.
Unknown command.
No target in view!
Are you sure you want to abandon this character and quit the game? (Confirm with "yes".)

#...# #.# ##...## #.#
#.#.###.######'## #.#
.###.##.....(...# #.#
#.#.###..#####..# #.#
#..## #..#####..# #
#..####.........## ##
#........###.....# #.
##.#####.###....### ##
#.....>........@.# #
#######................
#.......##.######
##.####.# .#
#.####.##.# #..†......#
######.#### ### #.##..
..# #.##.# #.#


There were no monsters in sight!

Vanquished Creatures
  A worm (D:2)
  3 dart slugs (D:1)
  3 ball pythons
  2 bats (D:1)
  5 endoplasms
  A giant cockroach (D:2)
  4 goblins (D:1)
  6 hobgoblins
  6 jackals
  4 quokkas (D:1)
  3 frilled lizards
  2 rats (D:1)
40 creatures vanquished.

Notes
Turn   | Place    | Note
-------+----------+-------------------------------------------
     0 | D:1      | Kurtz the Tengu Fighter began the quest for the Orb.
     0 | D:1      | Reached XP level 1. HP: 14/14 MP: 2/2
    96 | D:1      | Reached skill level 3 in Axes
    96 | D:1      | Reached XP level 2. HP: 19/19 MP: 3/3
   193 | D:1      | Reached XP level 3. HP: 23/23 MP: 4/4
   229 | D:1      | Reached skill level 4 in Axes
  1274 | D:2      | Reached XP level 4. HP: 28/28 MP: 5/5
  1342 | D:2      | Quit the game

Illustrated notes

Levels and vault maps discovered:
D:1:      lightli_arrival_maybe_door_vault, layout_basic, minmay_surrounded
D:2:      layout_loops_corners

Skill      XL: |  1  2  3 |
---------------+----------+-----
Axes           | 3 4 |  4.5
Fighting       | |  3.0
Armour         | |  3.2
Shields        | |  3.0

Action                     |  1- 3 |  4- 6 || total
---------------------------+-------+-------++-------
  Melee: War axe           |    92 |       ||    92
         Peck              |     7 |       ||     7
         Kick              |    11 |       ||    11
 Armour: Scale mail        |    33 |       ||    33
  Dodge: Dodged            |    40 |       ||    40
  Block: Buckler           |    21 |       ||    21
